 Dungeon Sprint DCSS version 0.29-a0-1006-g0dd7720b37 (webtiles) character file.

Game seed: 10489999277695563339

137 mhtbhm the Slasher (level 5, -6/47 HPs)
             Began as a Draconian Gladiator on Aug 6, 2022.
             Mangled by a shadow (22 damage)
             ... in the Dungeon (Sprint III: "The Ten Rune Challenge").
             The game lasted 00:01:16 (869 turns).

mhtbhm the Slasher (Draconian Gladiator)             Turns: 869, Time: 00:01:17

Health: -6/47      AC:  5    Str: 19    XL:     5   Next: 0%
Magic:  5/5        EV: 14    Int:  8    God:
Gold:   18         SH:  0    Dex: 12    Spells: 4/4 levels left

rFire   . . .      SeeInvis .   a - +0 long sword
rCold   . . .      Faith    .   (no shield)
rNeg    . . .      Spirit   .   (body armour unavailable)
rPois   .          Reflect  .   b - +0 hat
rElec   .          Harm     .   (no cloak)
rCorr   .          Rampage  .   (no gloves)
Will    .....      NoTele   +   (no boots)
Stlth   +.........              (no amulet)
HPRegen 0.15/turn               (no ring)
MPRegen 0.09/turn               (no ring)

@: hasted, very quick
A: AC +5, unfitting armour, cold-blooded
a: no special abilities


You were in the Dungeon.
You visited 1 branch You collected 18 gold pieces.

Inventory:

Hand Weapons
 a - a +0 long sword (weapon)
Missiles
 c - 2 throwing nets (quivered)
 d - a javelin
Armour
 b - a +0 hat (worn)
Scrolls
 e - a scroll of vulnerability {unknown}
 j - a scroll of blinking
 k - a scroll of amnesia {unknown}
 l - 3 scrolls of torment {unknown}
 m - 2 scrolls of identify
Potions
 h - 2 potions of magic
 n - 2 potions of flight
 o - 6 potions of mutation


   Skills:
 + Level 4.6 Fighting
 + Level 7.4 Long Blades
 + Level 3.0 Throwing
 + Level 5.7 Dodging


You had 4 spell levels left.
You didn't know any spells.
Your spell library was empty.

Dungeon Overview and Level Annotations

Branches:
Dungeon (1/1)

Altars:


Innate Abilities, Weirdness & Mutations

Your plain brown scales are hard. (AC +5)
You cannot fit into any form of body armour.
You are cold-blooded and may be slowed by cold attacks.


Message History

The shadow flickers and vanishes!
Deactivating autopickup; reactivate with Ctrl-A.
You closely miss something.
The shadow strikes at you from the darkness!
* * * LOW HITPOINT WARNING * * *
Reactivating autopickup.
You hit the shadow.
Your tail-slap misses the shadow.
The shadow is heavily damaged.
The shadow closely misses you.
You aren't carrying any items that you can evoke.
Unknown command.
Okay, then.
Okay, then.
Okay, then.
Okay, then.
You hit the shadow.
You tail-slap the shadow, but do no damage.
The shadow is severely damaged.
You barely miss the shadow. You tail-slap the shadow.
The shadow is severely damaged.
The shadow slips into darkness.
The shadow flickers and vanishes!
Deactivating autopickup; reactivate with Ctrl-A.
You barely miss something.
Your tail-slap misses something.
The shadow strikes at you from the darkness!
Reactivating autopickup.
Unknown command.
You hit the shadow but do no damage.
The shadow is severely damaged.
You barely miss the shadow.
The shadow is severely damaged.
The shadow slips into darkness.
The shadow flickers and vanishes!
Deactivating autopickup; reactivate with Ctrl-A.
You aren't carrying any items that you can evoke.
Unknown command.
There is an open door to the Ecumenical Temple here.
There is an open door here.
The shadow strikes at you from the darkness!
You die...

▓#†####.....♣♣ ♣.
▓.....#....~.♣♣♣♣.
▓.....#...~~♣♣♣...
▓.....#..~~~~♣..♣.
▓####'#..~≈≈~~~♣..
▓...).#.~~≈~~~....
▓.....#.~≈~~~.....
▓.....#.~~~.......
▓@#####...........
▓.................
▓▓▓▓▓▓▓▓▓▓▓▓▓▓▓▓▓▓


There were no monsters in sight!

Vanquished Creatures
  A water elemental (D)
  A jelly (D)
  Jessica (D)
  A human (D)
  A phantom (D)
  An endoplasm (D)
  2 rats (D)
8 creatures vanquished.

Notes
Turn   | Place    | Note
-------+----------+-------------------------------------------
     0 | D        | mhtbhm the Draconian Gladiator began the quest for the Orb.
     0 | D        | Reached XP level 1. HP: 17/17 MP: 1/1
   126 | D        | Noticed Jessica
   129 | D        | Killed Jessica
   130 | D        | Reached skill level 4 in Long Blades
   130 | D        | Reached XP level 2. HP: 19/26 MP: 2/2
   135 | D        | Reached skill level 5 in Long Blades
   135 | D        | Reached XP level 3. HP: 23/31 MP: 3/3
   476 | D        | Noticed a water elemental
   483 | D        | Killed a water elemental
   484 | D        | Reached skill level 6 in Long Blades
   484 | D        | Reached skill level 5 in Dodging
   484 | D        | Reached XP level 4. HP: 40/40 MP: 4/4
   630 | D        | Reached skill level 7 in Long Blades
   630 | D        | Reached XP level 5. HP: 18/47 MP: 5/5
   823 | D        | Noticed a shadow
   869 | D        | Mangled by a shadow

Illustrated notes

Levels and vault maps discovered:
D:        dungeon_sprint_mu [sprint_mu_entry_forest, sprint_mu_temple_rooms,
          sprint_mu_d1_spiders, sprint_mu_d2_genie, sprint_mu_d3_branching,
          sprint_mu_orc_legion, sprint_mu_elf_gauntlet, sprint_mu_hive_nellie,
          sprint_mu_lair_fedhas, sprint_mu_vaults_butterflies,
          sprint_mu_slime_circle, sprint_mu_swamp_cave, sprint_mu_snake_twists,
          sprint_mu_blade_basic, sprint_mu_crypt_lich, sprint_mu_tomb_spiral,
          sprint_mu_vestibule_basic, sprint_mu_gehenna_hellfire,
          sprint_mu_dis_giant, sprint_mu_tartarus_statrot,
          sprint_mu_cocytus_islands, sprint_mu_zot1]

Skill      XL: |  1  2  3  4 |
---------------+-------------+-----
Dodging        | 4 5 |  5.7
Fighting       | 3 4 |  4.6
Long Blades    | 4 5 6 7 |  7.4
Throwing       | 2 3 |  3.0

Action                   |  1- 3 |  4- 6 || total
-------------------------+-------+-------++-------
Melee: Long sword        |    43 |    19 ||    62
       Tailslap          |     7 |     6 ||    13
       Punch             |     1 |       ||     1
Throw: Throwing net      |     2 |       ||     2
  Use: Potion            |     2 |     3 ||     5
Armor: Skin              |    12 |     2 ||    14
Dodge: Dodged            |    26 |     4 ||    30

Table legend: (Time is in decaauts)
 A = Elapsed time spent in this place.
 B = Non-inter-level travel time spent in this place.
 C = Inter-level travel time spent in this place.
 D = Time resting spent in this place.
 E = Time spent auto-exploring this place.
 F = Levels seen in this place.
 G = Mean time per level.
                   A        B        C        D        E       F      G
               +--------+--------+--------+--------+--------+-----+--------+
         Total |    879 |    879 |      0 |    652 |     22 |   1 |  879.0 |
       Dungeon |    879 |    879 |      0 |    652 |     22 |   1 |  879.0 |
               +--------+--------+--------+--------+--------+-----+--------+

Top non-repeatable levels by time:
       D: 879 daAuts
